 Dungeon Crawl Stone Soup version 0.27.1 (webtiles) character file.

Game seed: 11077772315569405189

107 horus123 the Slasher (level 4, 0/33 HPs)
             Began as a Demonspawn Gladiator on Aug 23, 2021.
             Slain by Robin (6 damage)
             ... on level 3 of the Dungeon.
             The game lasted 00:05:07 (2958 turns).

horus123 the Slasher (Demonspawn Gladiator)         Turns: 2958, Time: 00:05:08

Health: 0/33       AC:  5    Str: 14    XL:     4   Next: 56%
Magic:  6/6        EV: 12    Int: 13    God:
Gold:   90         SH:  0    Dex: 14    Spells: 3/5 levels left

rFire    . . .     SeeInvis .   a - +0 long sword (flame)
rCold    . . .     Faith    .   (no shield)
rNeg     . . .     Spirit   .   b - +0 leather armour
rPois    .         Reflect  .   c - +0 helmet
rElec    .         Harm     .   (no cloak)
rCorr    .         Rampage  .   l - +0 pair of gloves
Will     .....                  (no boots)
Stlth    +.........             (no amulet)
HPRegen  0.11/turn              (no ring)
MPRegen  0.10/turn              (no ring)

@: mighty
A: powered by pain 1, big brain 1, demonic magic 1
a: no special abilities


You were on level 3 of the Dungeon.
You visited 1 branch of the dungeon, and saw 3 of its levels.

You collected 90 gold pieces.

Inventory:

Hand Weapons
 a - a +0 long sword of flaming (weapon)
Missiles
 d - 3 throwing nets (quivered)
Armour
 b - a +0 leather armour (worn)
 c - a +0 helmet (worn)
 l - a +0 pair of gloves (worn)
Potions
 f - a potion of ambrosia
 g - a potion of mutation
 h - a potion of brilliance {unknown}
 i - a potion of attraction {unknown}
 j - 2 potions of curing {unknown}
 k - a potion of cancellation {unknown}


   Skills:
 * Level 2.2 Fighting
 * Level 3.8 Long Blades
 + Level 1.8 Throwing
 + Level 0.8 Armour
 * Level 3.1 Dodging
 + Level 0.3 Stealth
 * Level 1.4 Spellcasting


You had 3 spell levels left.
You knew the following spells:

 Your Spells              Type           Power      Damage    Failure   Level
a - Corpse Rot            Necr/Air       N/A        N/A       45%         2

Your spell library contained the following spells:

 Spells                   Type           Power      Damage    Failure   Level
 Dispel Undead            Necr           0%         3d6       97%         4
 Death Channel            Necr           0%         N/A       100%        6


Dungeon Overview and Level Annotations

Branches:
Dungeon (3/15)

Altars:

Shops:
D:1 *[

Annotations:
D:3 Robin


Innate Abilities, Weirdness & Mutations

You sometimes gain a little power by taking damage.
You have an unusually large brain. (Int +2)
Spells you cast may paralyse adjacent enemies.


Message History

You hit the hobgoblin but do no damage. The hobgoblin hits you.
The hobgoblin hits you but does no damage.
You hit the hobgoblin. You burn the hobgoblin.
The hobgoblin is almost dead.
Robin roars a battlecry!
The goblins go into a battle-frenzy!
The hobgoblin closely misses you.
You barely miss the hobgoblin.
The hobgoblin is almost dead.
The hobgoblin hits you but does no damage.
You closely miss the hobgoblin.
The hobgoblin is almost dead.
The hobgoblin hits you but does no damage.
You hit the hobgoblin. You burn the hobgoblin.
You kill the hobgoblin!
The goblin misses you.
You hit the goblin but do no damage. Robin throws the goblin at you!
The goblin hits you with a +0 club. The goblin closely misses you.
You riposte.
You closely miss the goblin. You hit the goblin. You burn the goblin.
You kill the goblin!
The goblin misses you.
You riposte.
Your leather armour prevents you from hitting the goblin.
The goblin closely misses you.
You feel very mighty all of a sudden. Robin hits you but does no damage.
The goblin closely misses you. The goblin hits you with a +0 club.
You slash the goblin! You burn the goblin.
You kill the goblin!
Robin throws the goblin at you! The goblin hits you with a +0 dagger.
* * * LOW HITPOINT WARNING * * *
The goblin hits you but does no damage. Robin misses you.
You closely miss the goblin. The goblin hits you but does no damage.
The goblin misses you. Robin closely misses you. The goblin closely misses you.
You riposte.
You hit the goblin. You burn the goblin.
You kill the goblin!
You slash the goblin! You burn the goblin.
You kill the goblin!
Robin hits you from afar with a +0 spear.
You die...

######### #.#
#.# #.#
########## #.#
.........# #.#
g.....<..# #.#
.........# #.#
g.......g####.#
#......ggg)@).#
#......g#######
#[......#
#.......#
#########


You could see Robin, a hobgoblin (strong) and 3 goblins.

Vanquished Creatures
  Jessica (D:2)
  2 adders (D:2)
  A worm (D:2)
  4 dart slugs
  6 ball pythons (D:1)
  3 bats
  6 endoplasms
  A giant cockroach (D:1)
  10 goblins
  7 hobgoblins
  2 quokkas
  3 frilled lizards
  A kobold (D:1)
  3 rats
50 creatures vanquished.

Notes
Turn   | Place    | Note
-------+----------+-------------------------------------------
     0 | D:1      | horus123 the Demonspawn Gladiator began the quest for the
                  | Orb.
     0 | D:1      | Reached XP level 1. HP: 16/16 MP: 1/1
   136 | D:1      | Gained mutation: You have an unusually large brain. (Int
                  | +2) [demonic ancestry]
   136 | D:1      | Reached XP level 2. HP: 17/22 MP: 3/3
   210 | D:1      | Learned a level 2 spell: Corpse Rot
   395 | D:1      | Found Xekic's Assorted Antiques.
   491 | D:1      | Reached skill level 1 in Spellcasting
   847 | D:1      | Gained mutation: You sometimes gain a little power by
                  | taking damage. [demonic ancestry]
   847 | D:1      | Reached XP level 3. HP: 27/27 MP: 4/4
   989 | D:1      | Found Direiz's Antique Armour Shoppe.
  1085 | D:1      | Found a faded altar of an unknown god.
  1908 | D:2      | Noticed Jessica
  1915 | D:2      | Killed Jessica
  1916 | D:2      | Gained mutation: Spells you cast may paralyse adjacent
                  | enemies. [demonic ancestry]
  1916 | D:2      | Reached XP level 4. HP: 32/33 MP: 4/6
  2944 | D:3      | Noticed Robin
  2958 | D:3      | Slain by Robin

Illustrated notes

Levels and vault maps discovered:
D:1:      psy_arrival_spokes, layout_loops_ring, serial_shops,
          nicolae_shop_stone, shop, ebering_ecumenical_altar_mist,
          minmay_tetromino_o2
D:2:      layout_basic, moated_statue, hangedman_decor_points, uniq_jessica
D:3:      layout_basic, gammafunk_ghost_smash, uniq_robin

Skill      XL: |  1  2  3 |
---------------+----------+-----
Long Blades    | 3 |  3.8
Spellcasting   | 1 |  1.4
Dodging        | 3 |  3.1
Fighting       | |  2.2
Throwing       | |  1.8
Armour         | |  0.8
Stealth        | |  0.3

Action                   |  1- 3 |  4- 6 || total
-------------------------+-------+-------++-------
Melee: Long sword        |   108 |    42 ||   150
  Use: Scroll            |     4 |     5 ||     9
       Potion            |       |     1 ||     1
 Stab: Sleeping          |     3 |       ||     3
Armor: Leather armour    |    32 |    12 ||    44
Dodge: Dodged            |    74 |    26 ||   100
       Rpst.: Long sword |    24 |     5 ||    29
